 Dungeon Crawl Stone Soup version 0.32-a0-859-gb0a091d592 (webtiles) character file.

Game seed: 16750914464104041693

72 zenocrate the Digger (level 4, -4/27 HPs)
             Began as an Octopode Earth Elementalist on Mar 27, 2024.
             Slain by a goblin
             ... wielding a +0 club
             ... led by Robin
              (7 damage)
             ... on level 2 of the Dungeon.
             The game lasted 00:01:17 (588 turns).

zenocrate the Digger (Octopode Earth Elementalist)   Turns: 588, Time: 00:01:18

Health: -4/27      AC:  1    Str:  9    XL:     4   Next: 26%
Magic:  7/7        EV: 12    Int: 17    God:
Gold:   44         SH:  0    Dex: 12    Spells: 3/7 levels left

rFire   . . .        b - +2 dagger (drain)
rCold   + . .        (no shield)
rNeg    . . .        (helmet restricted)
rPois   .            (no amulet)
rElec   .            g - ring of protection from cold
rCorr   .            (no ring)
SInv    .            (no ring)
Will    .....        (no ring)
Stlth   +++          (no ring)
HPRegen 0.24/turn    (no ring)
MPRegen 0.10/turn    (no ring)
                     (no ring)

%: no passive effects
@: no status effects
A: almost no armour, amphibious, 8 rings, camouflage 1, gelatinous body 1,
(nimble swimmer 1), tentacles
a: no special abilities


You were on level 2 of the Dungeon.
You visited 1 branch of the dungeon, and saw 2 of its levels.

You collected 44 gold pieces.

Inventory:

Hand Weapons
 b - a +2 dagger of draining (weapon)
Jewellery
 g - a ring of protection from cold (left tentacle)
Scrolls
 c - a scroll of fear {unknown}
 d - a scroll of identify {unknown}
 e - a scroll of immolation {unknown}
 f - a scroll of enchant armour {unknown}
Potions
 a - a potion of magic


   Skills:
 - Level 2.0 Dodging
 - Level 2.6 Stealth
 + Level 3.0 Unarmed Combat
 - Level 2.0 Spellcasting
 + Level 2.3 Conjurations
 - Level 3.0 Earth Magic


You had 3 spell levels left.
You knew the following spells:

 Your Spells              Type           Power      Damage    Failure   Level
a - Sandblast             Erth           22%        2d7       5%          1
b - Stone Arrow           Conj/Erth      20%        3d8       21%         3

Your spell library contained the following spells:

 Spells                   Type           Power      Damage    Failure   Level
 Passwall                 Erth           11%        N/A       17%         3
 Brom's Barrelling Bould  Conj/Erth      10%        2d3       54%         4
 Petrify                  Alch/Erth      6%         N/A       71%         4


Dungeon Overview and Level Annotations

Branches:
Dungeon (2/15)

Altars:

Annotations:
D:2 Robin


Innate Abilities, Weirdness & Mutations

You cannot wear most types of armour.
You are amphibious.
You can wear up to eight rings at the same time.
Your skin changes colour to match your surroundings (Stealth+).
Your rubbery body absorbs attacks. (AC +1, EV +1)
((You are camouflaged when in or above water. (Stealth+)))
You have tentacles for arms and can constrict up to eight enemies at once.


Message History

Unknown command.
You hit the goblin. You drain the goblin.
You kill the goblin!
The goblin barely misses you.
Unknown command.
You hit the goblin. You drain the goblin.
You kill the goblin!
A ribbon worm comes into view.
Robin throws the goblin at you!
* * * LOW HITPOINT WARNING * * *
Unknown command.
You hit the goblin.
You kill the goblin!
The hobgoblin closely misses you.
Unknown command.
You hit the hobgoblin. You drain the hobgoblin.
You kill the hobgoblin!
A ribbon worm comes into view.
Unknown command.
You hit the adder. You drain the adder. Your grab misses the adder.
Your squeeze misses the adder.
The adder is almost dead.
The adder bites you.
* * * LOW HITPOINT WARNING * * *
The adder closely misses you.
Unknown command.
You miss the adder. You grab the adder.
The adder is almost dead.
You constrict the adder.
You kill the adder!
Your Unarmed Combat skill increases to level 3!
Unknown command.
You hit Robin. You drain Robin. You grab Robin.
Robin is moderately wounded.
You constrict Robin.
Robin points. "Kill!"
Robin throws the goblin at you!
* * * LOW HITPOINT WARNING * * *
The goblin hits you with a +0 club!
You die...

.. #. .. .. #.. .##. ..
.!. .# .. #######.# #.##
....#...##### #)g# .
#........<..# #@# ...
.......####.####g##...?.
..<..............w..g...
........######..w...g..S
........# ###.###....
........# .... ...
........# ....# ##
.......## .....#
#....... .....#


You could see 2 ribbon worms, Robin (very drained) and a goblin (strong).

Vanquished Creatures
  2 adders (D:2)
  4 bats (D:1)
  An endoplasm (D:1)
  A giant cockroach (D:1)
  5 hobgoblins
  7 jackals (D:1)
  A quokka (D:1)
  3 ball pythons (D:1)
  A frilled lizard (D:1)
  11 goblins
  2 kobolds (D:1)
  12 rats (D:1)
50 creatures vanquished.

Notes
Turn   | Place    | Note
-------+----------+-------------------------------------------
     0 | D:1      | zenocrate the Octopode Earth Elementalist began the quest
                  | for the Orb.
     0 | D:1      | Reached XP level 1. HP: 11/11 MP: 3/3
    30 | D:1      | Reached skill level 1 in Unarmed Combat
    35 | D:1      | Reached XP level 2. HP: 8/17 MP: 1/5
   210 | D:1      | Reached XP level 3. HP: 21/21 MP: 3/6
   550 | D:1      | Learned a level 3 spell: Stone Arrow
   565 | D:2      | Noticed Robin
   580 | D:2      | Reached XP level 4. HP: 2/27 MP: 7/7
   588 | D:2      | Slain by a goblin

Illustrated notes

Levels and vault maps discovered:
D:1:      wander_arrival_estate, layout_rooms, minmay_rat_gold_closets
D:2:      layout_rooms, basic_altar, uniq_robin

Skill      XL: |  1  2  3  4 |
---------------+-------------+-----
Unarmed Combat | 1 2 3 |  3.0
Conjurations   | 2 |  2.3
Dodging        | |  2.0
Stealth        | |  2.6
Spellcasting   | |  2.0
Earth Magic    | |  3.0

Action                     |  1- 3 |  4- 6 || total
---------------------------+-------+-------++-------
  Melee: Unarmed           |    22 |       ||    22
         Tentacles         |    13 |       ||    13
         Constrict         |    21 |     2 ||    23
         Punch             |     1 |       ||     1
         Dagger            |    35 |     8 ||    43
   Cast: Sandblast         |    13 |       ||    13
    Use: Potion            |       |     1 ||     1
   Stab: Sleeping          |     9 |       ||     9
 Armour: Skin              |    22 |     6 ||    28
  Dodge: Dodged            |    38 |     5 ||    43

Table legend: (Time is in decaauts)
 A = Elapsed time spent in this place.
 B = Non-inter-level travel time spent in this place.
 C = Inter-level travel time spent in this place.
 D = Time resting spent in this place.
 E = Time spent auto-exploring this place.
 F = Levels seen in this place.
 G = Mean time per level.
                   A        B        C        D        E       F      G
               +--------+--------+--------+--------+--------+-----+--------+
         Total |    592 |    576 |     16 |      0 |    369 |   2 |  296.0 |
       Dungeon |    592 |    576 |     16 |      0 |    369 |   2 |  296.0 |
               +--------+--------+--------+--------+--------+-----+--------+

Top non-repeatable levels by time:
     D:1: 555 daAuts
     D:2: 36 daAuts
